PA
MYRTLE BEACH SEAHAWKS @ LAREDO HAWKS
08/16/2050
 
TOP OF THE 1ST
Myrtle Beach Seahawks batting - Pitching for Laredo Hawks : LHP Jeff Vázquez
Pitching: LHP Jeff Vázquez
Batting: SHB Ted Swanson 0-0: Ball
1-0: Ball
2-0: Foul Ball, location: 2F
2-1: Called Strike
2-2: Foul Ball, location: 2F
2-2: Strikes out looking
Batting: RHB Richie Vickers 0-0: Swinging Strike
0-1: Foul Ball, location: 2F
0-2: Ball
1-2: Strikes out looking
Batting: LHB José Rosário 0-0: Called Strike
0-1: Ball
1-1: Foul Ball, location: 2F
1-2: Ball
2-2: Ball
3-2: Foul Ball, location: 2F
3-2: Foul Ball, location: 2F
3-2: Fly out, F7 (Flyball, 7LS, EV 86.9 MPH)
Top of the 1st over - 0 runs, 0 hits, 0 errors, 0 left on base; Myrtle Beach 0 - Laredo 0
BOTTOM OF THE 1ST
Laredo Hawks batting - Pitching for Myrtle Beach Seahawks : RHP José Benítez
Pitching: RHP José Benítez
Batting: SHB Monty Crawford 0-0: Called Strike
0-1: Ball
1-1: Called Strike
1-2: Strikes out swinging
Batting: RHB Will Moore 0-0: Foul Ball, location: 2F
0-1: Bunted foul
0-2: Foul Ball, location: 2F
0-2: Strikes out swinging
Batting: RHB Jim Willis 0-0: Called Strike
0-1: Ball
1-1: Ball
2-1: Foul Ball, location: 2F
2-2: Strikes out looking
Bottom of the 1st over - 0 runs, 0 hits, 0 errors, 0 left on base; Myrtle Beach 0 - Laredo 0
TOP OF THE 2ND
Myrtle Beach Seahawks batting - Pitching for Laredo Hawks : LHP Jeff Vázquez
Batting: LHB Jason Melton 0-0: Called Strike
0-1: Called Strike
0-2: Ball
1-2: Ball
2-2: Strikes out looking
Batting: LHB Francisco León 0-0: Foul Ball, location: 2F
0-1: Ground out 6-3 (Groundball, 6S, EV 85.6 MPH)
Batting: SHB Juan Castio 0-0: Foul Ball, location: 2F
0-1: Called Strike
0-2: Strikes out swinging
Top of the 2nd over - 0 runs, 0 hits, 0 errors, 0 left on base; Myrtle Beach 0 - Laredo 0
BOTTOM OF THE 2ND
Laredo Hawks batting - Pitching for Myrtle Beach Seahawks : RHP José Benítez
Batting: RHB Iván Vega 0-0: Ball
1-0: Called Strike
1-1: Foul Ball, location: 2F
1-2: Ground out 6-3 (Groundball, 6, EV 101.9 MPH)
Batting: RHB Darren Overton 0-0: Ball
1-0: Called Strike
1-1: Ball
2-1: Ball
3-1: Base on Balls
Batting: LHB Hernando Martínez 0-0: Ball
1-0: Ball
2-0: Ball
3-0: Called Strike
3-1: Base on Balls
Darren Overton to second
Batting: RHB Yosai Hayagawa 0-0: Fly out, F8 (Flyball, 8LD, EV 95.0 MPH)
Batting: LHB Dariusz Bonkski 0-0: Ball
1-0: Foul Ball, location: 2F
1-1: Called Strike
1-2: Strikes out looking
Bottom of the 2nd over - 0 runs, 0 hits, 0 errors, 2 left on base; Myrtle Beach 0 - Laredo 0
TOP OF THE 3RD
Myrtle Beach Seahawks batting - Pitching for Laredo Hawks : LHP Jeff Vázquez
Batting: RHB Daniel Major 0-0: Foul Ball, location: 2F
0-1: Fly out, F7 (Flyball, 7LS, EV 81.9 MPH)
Batting: RHB Herb Valentine 0-0: Called Strike
0-1: Fly out, F8 (Flyball, 8RD, EV 96.2 MPH)
Batting: SHB Tom White 0-0: Called Strike
0-1: Called Strike
0-2: Foul Ball, location: 2F
0-2: Ball
1-2: Strikes out swinging
Top of the 3rd over - 0 runs, 0 hits, 0 errors, 0 left on base; Myrtle Beach 0 - Laredo 0
BOTTOM OF THE 3RD
Laredo Hawks batting - Pitching for Myrtle Beach Seahawks : RHP José Benítez
Batting: RHB Chris Gambill 0-0: Foul Ball, location: 2F
0-1: Ball
1-1: SINGLE (Flyball, 34D, EV 86.2 MPH)
Batting: SHB Monty Crawford 0-0: Called Strike
0-1: Fly out, F8 (Flyball, 8RS, EV 91.2 MPH)
Batting: RHB Will Moore 0-0: Foul Ball, location: 2F
0-1: Ball
1-1: SINGLE (Groundball, 6MD, EV 103.8 MPH)
Chris Gambill to second
Runner from 2nd tries for 3rd, SAFE, no throw by CF
Batting: RHB Jim Willis 0-0: Called Strike
Will Moore steals 2nd, throwing error, E2
Chris Gambill scores
Will Moore to third
0-1: Foul Ball, location: 2F
0-2: Ground out 4-3 (Groundball, 4M, EV 79.4 MPH)
Will Moore scores
Batting: RHB Iván Vega 0-0: Ball
1-0: Swinging Strike
1-1: Swinging Strike
1-2: Foul Ball, location: 2F
1-2: Ball
2-2: Ball
3-2: Fly out, F7 (Flyball, 7, EV 98.1 MPH)
Bottom of the 3rd over - 2 runs, 2 hits, 1 error, 0 left on base; Myrtle Beach 0 - Laredo 2
TOP OF THE 4TH
Myrtle Beach Seahawks batting - Pitching for Laredo Hawks : LHP Jeff Vázquez
Batting: SHB Ted Swanson 0-0: Ball
1-0: Foul Ball, location: 2F
1-1: Ball
2-1: Ball
3-1: Ground out 4-3 (Groundball, 4, EV 101.2 MPH)
Batting: RHB Richie Vickers 0-0: Fly out, F9 (Line Drive, 9, EV 95.6 MPH)
Batting: LHB José Rosário 0-0: Swinging Strike
0-1: Foul Ball, location: 2F
0-2: Strikes out swinging
Top of the 4th over - 0 runs, 0 hits, 0 errors, 0 left on base; Myrtle Beach 0 - Laredo 2
BOTTOM OF THE 4TH
Laredo Hawks batting - Pitching for Myrtle Beach Seahawks : RHP José Benítez
Batting: RHB Darren Overton 0-0: Ball
1-0: Swinging Strike
1-1: Foul Ball, location: 2F
1-2: Foul Ball, location: 2F
1-2: Ball
2-2: Foul Ball, location: 2F
2-2: Foul Ball, location: 2F
2-2: Ground out 6-3 (Groundball, 56, EV 90.6 MPH)
Batting: LHB Hernando Martínez 0-0: Ball
1-0: SOLO HOME RUN (Line Drive, 89XD, EV 115.0 MPH), Distance : 443 ft
Batting: RHB Yosai Hayagawa 0-0: Ball
1-0: Foul Ball, location: 2F
1-1: Foul Ball, location: 2F
1-2: Ball
2-2: Strikes out swinging
Batting: LHB Dariusz Bonkski 0-0: Foul Ball, location: 2F
0-1: Called Strike
0-2: Fly out, F8 (Flyball, 8RM, EV 80.0 MPH)
Bottom of the 4th over - 1 run, 1 hit, 0 errors, 0 left on base; Myrtle Beach 0 - Laredo 3
TOP OF THE 5TH
Myrtle Beach Seahawks batting - Pitching for Laredo Hawks : LHP Jeff Vázquez
Batting: LHB Jason Melton 0-0: Called Strike
0-1: Swinging Strike
0-2: Strikes out looking
Batting: LHB Francisco León 0-0: Foul Ball, location: 2F
0-1: Foul Ball, location: 2F
0-2: Foul Ball, location: 2F
0-2: Strikes out swinging
Batting: SHB Juan Castio 0-0: Ball
1-0: Ball
2-0: Swinging Strike
2-1: Called Strike
2-2: Ball
3-2: Strikes out swinging
Top of the 5th over - 0 runs, 0 hits, 0 errors, 0 left on base; Myrtle Beach 0 - Laredo 3
BOTTOM OF THE 5TH
Laredo Hawks batting - Pitching for Myrtle Beach Seahawks : RHP José Benítez
Batting: RHB Chris Gambill 0-0: Called Strike
0-1: Swinging Strike
0-2: Foul Ball, location: 2F
0-2: Strikes out swinging, 2-3 out at first.
Batting: SHB Monty Crawford 0-0: Ball
1-0: Called Strike
1-1: Swinging Strike
1-2: Strikes out swinging, 2-3 out at first.
Batting: RHB Will Moore 0-0: Called Strike
0-1: Swinging Strike
0-2: Ball
1-2: Strikes out looking
Bottom of the 5th over - 0 runs, 0 hits, 0 errors, 0 left on base; Myrtle Beach 0 - Laredo 3
TOP OF THE 6TH
Myrtle Beach Seahawks batting - Pitching for Laredo Hawks : LHP Jeff Vázquez
Batting: RHB Daniel Major 0-0: Swinging Strike
0-1: Swinging Strike
0-2: Strikes out swinging
Batting: RHB Herb Valentine 0-0: Foul Ball, location: 2F
0-1: Ball
1-1: Fly out, F8 (Flyball, 8RXD, EV 101.2 MPH)
Batting: SHB Tom White 0-0: Ball
1-0: Ball
2-0: Swinging Strike
2-1: SINGLE (Line Drive, 4D, EV 98.1 MPH)
Batting: SHB Ted Swanson 0-0: Called Strike
0-1: Ball
1-1: DOUBLE (Flyball, 9D, EV 81.9 MPH)
Tom White to third
Runner from 3rd tries for Home, SAFE, throw by RF to home
Batting: RHB Richie Vickers 0-0: Called Strike
0-1: Swinging Strike
0-2: Ground out 5-3 (Groundball, 56, EV 88.8 MPH)
Top of the 6th over - 1 run, 2 hits, 0 errors, 1 left on base; Myrtle Beach 1 - Laredo 3
BOTTOM OF THE 6TH
Laredo Hawks batting - Pitching for Myrtle Beach Seahawks : RHP José Benítez
Pitching: LHP Cristo Coronado
Batting: RHB Jim Willis 0-0: Ball
1-0: Swinging Strike
1-1: Called Strike
1-2: Strikes out looking
Batting: RHB Iván Vega 0-0: Ball
1-0: Ball
2-0: Ball
3-0: Called Strike
3-1: Base on Balls
Batting: RHB Darren Overton 0-0: DOUBLE (Flyball, 78D, EV 98.1 MPH)
Iván Vega to third
Batting: LHB Hernando Martínez 0-0: Ball
1-0: Swinging Strike
1-1: Swinging Strike
1-2: Strikes out looking
Batting: RHB Yosai Hayagawa 0-0: Foul Ball, location: 2F
0-1: Ball
1-1: Ball
2-1: Ground out 5-3 (Groundball, 56S, EV 75.6 MPH)
Bottom of the 6th over - 0 runs, 1 hit, 0 errors, 2 left on base; Myrtle Beach 1 - Laredo 3
TOP OF THE 7TH
Myrtle Beach Seahawks batting - Pitching for Laredo Hawks : LHP Jeff Vázquez
Batting: LHB José Rosário 0-0: Ball
1-0: SINGLE (Line Drive, 5D, EV 101.2 MPH)
Batting: LHB Jason Melton 0-0: Called Strike
0-1: Called Strike
0-2: Ball
1-2: Ball
2-2: Strikes out looking
Batting: LHB Francisco León 0-0: Ball
1-0: Foul Ball, location: 2F
1-1: Ball
2-1: Swinging Strike
2-2: Strikes out swinging
Batting: SHB Juan Castio 0-0: Called Strike
0-1: Ball
1-1: Swinging Strike
1-2: Strikes out swinging
Top of the 7th over - 0 runs, 1 hit, 0 errors, 1 left on base; Myrtle Beach 1 - Laredo 3
BOTTOM OF THE 7TH
Laredo Hawks batting - Pitching for Myrtle Beach Seahawks : LHP Cristo Coronado
Batting: LHB Dariusz Bonkski 0-0: Called Strike
0-1: Ball
1-1: Ball
2-1: DOUBLE (Line Drive, 8LXD, EV 103.8 MPH)
Batting: RHB Chris Gambill 0-0: Swinging Strike
0-1: Ball
1-1: 2-RUN HOME RUN (Flyball, 7LD, EV 91.2 MPH), Distance : 344 ft
Batting: SHB Monty Crawford 0-0: Called Strike
0-1: Ball
1-1: Reached on error, E4 (Groundball, 4MD, EV 92.5 MPH)
Batting: RHB Will Moore 0-0: Ball
1-0: Ball
2-0: Swinging Strike
2-1: Ball
3-1: Base on Balls
Batting: RHB Jim Willis 0-0: Ball
Wild Pitch!
Monty Crawford to third
Will Moore to second
1-0: Swinging Strike
1-1: Foul Ball, location: 2F
1-2: Ball
2-2: Foul Ball, location: 2F
2-2: Ball
3-2: DOUBLE (Line Drive, 89D, EV 111.2 MPH)
Monty Crawford scores
Will Moore scores
Pitching: RHP Héctor García
Batting: RHB Iván Vega 0-0: Ball
1-0: Swinging Strike
1-1: Ball
2-1: Foul Ball, location: 2F
2-2: Strikes out looking
Batting: RHB Darren Overton 0-0: Ball
1-0: Called Strike
1-1: Swinging Strike
1-2: Foul Ball, location: 2F
1-2: Ball
2-2: Strikes out looking
Batting: LHB Hernando Martínez 0-0: Called Strike
0-1: Ball
1-1: Foul Ball, location: 2F
1-2: Ball
2-2: Ground out U3 (Groundball, 3S, EV 86.9 MPH)
Bottom of the 7th over - 4 runs, 3 hits, 1 error, 1 left on base; Myrtle Beach 1 - Laredo 7
TOP OF THE 8TH
Myrtle Beach Seahawks batting - Pitching for Laredo Hawks : LHP Jeff Vázquez
Batting: RHB Daniel Major 0-0: Ball
1-0: Ball
2-0: Called Strike
2-1: Foul Ball, location: 2F
2-2: Ground out 6-3 (Groundball, 6, EV 88.8 MPH)
Batting: RHB Herb Valentine 0-0: Called Strike
0-1: Foul Ball, location: 2F
0-2: Strikes out swinging
Batting: SHB Tom White 0-0: Ball
1-0: Called Strike
1-1: Ground out 6-3 (Groundball, 6, EV 89.4 MPH)
Top of the 8th over - 0 runs, 0 hits, 0 errors, 0 left on base; Myrtle Beach 1 - Laredo 7
BOTTOM OF THE 8TH
Laredo Hawks batting - Pitching for Myrtle Beach Seahawks : RHP Héctor García
Batting: RHB Yosai Hayagawa 0-0: Ball
1-0: Swinging Strike
1-1: Ball
2-1: Foul Ball, location: 2F
2-2: Foul Ball, location: 2F
2-2: Ground out 5-3 (Groundball, 56, EV 85.6 MPH)
Batting: LHB Dariusz Bonkski 0-0: Ball
1-0: Foul Ball, location: 2F
1-1: Ball
2-1: Foul Ball, location: 2F
2-2: Strikes out swinging
Batting: RHB Chris Gambill 0-0: Called Strike
0-1: Foul Ball, location: 2F
0-2: Ball
1-2: SINGLE (Groundball, 6D, EV 102.5 MPH)
Batting: SHB Monty Crawford 0-0: Ball
1-0: Foul Ball, location: 2F
1-1: Ball
2-1: Ball
Wild Pitch!
Chris Gambill to second
3-1: Base on Balls
Batting: RHB Will Moore 0-0: Called Strike
0-1: Ball
1-1: Fielders Choice at 2nd, U4 (Groundball, 4M, EV 95.0 MPH)
Bottom of the 8th over - 0 runs, 1 hit, 0 errors, 2 left on base; Myrtle Beach 1 - Laredo 7
TOP OF THE 9TH
Myrtle Beach Seahawks batting - Pitching for Laredo Hawks : LHP Jeff Vázquez
Batting: SHB Ted Swanson 0-0: Ball
1-0: Ball
2-0: Ground out 5-3 (Groundball, 56S, EV 88.1 MPH)
Batting: RHB Richie Vickers 0-0: Called Strike
0-1: Ball
1-1: SINGLE (Line Drive, 6MD, EV 97.5 MPH)
Pitching: RHP Johnny Bowling
Batting: LHB José Rosário 0-0: Ball
1-0: SINGLE (Groundball, 4MD, EV 107.5 MPH)
Richie Vickers to second
Batting: LHB Jason Melton 0-0: Called Strike
0-1: Ball
1-1: Ball
2-1: Swinging Strike
2-2: Foul Ball, location: 2F
2-2: Strikes out swinging
Batting: LHB Francisco León 0-0: Called Strike
0-1: SINGLE (Line Drive, 6M, EV 95.6 MPH)
Richie Vickers to third
José Rosário to second
Batting: SHB Juan Castio 0-0: Foul Ball, location: 2F
0-1: Ball
1-1: Foul Ball, location: 2F
1-2: Foul Ball, location: 2F
1-2: Ball
2-2: DOUBLE (Line Drive, 78XD, EV 104.4 MPH)
Richie Vickers scores
José Rosário scores
Francisco León to third
Pitching: RHP Silvian Esser
Pinch Hitting: LHB Jorge Villarreal 0-0: Foul Ball, location: 2F
0-1: Called Strike
0-2: Ball
1-2: Foul Ball, location: 2F
1-2: Strikes out swinging
Top of the 9th over - 2 runs, 4 hits, 0 errors, 2 left on base; Myrtle Beach 3 - Laredo 7
Friday, March 31st , 2023 - OOTP Baseball 23.10 Build 110